 Dungeon Crawl Stone Soup version 0.30-a0-591-g3c58d2bc28 (webtiles) character file.

Game seed: 12327799161530185772

438 bmack86 the Trooper (level 6, -3/57 HPs)
             Began as a Minotaur Fighter on Jan 6, 2023.
             Slain by a gnoll sergeant
             ... wielding a +6 heavy spear
              (8 damage)
             ... on level 4 of the Dungeon.
             The game lasted 00:09:11 (2918 turns).

bmack86 the Trooper (Minotaur Fighter)              Turns: 2918, Time: 00:09:12

Health: -3/57      AC:  9    Str: 29    XL:     6   Next: 69%
Magic:  5/5        EV:  8    Int:  5    God:
Gold:   194        SH:  0    Dex:  9    Spells: 5/5 levels left

rFire   . . .      SeeInvis .    a - +0 war axe
rCold   . . .      Faith    .    t - +0 kite shield
rNeg    . . .      Spirit   .    b - +0 scale mail
rPois   .          Reflect  .    (helmet restricted)
rElec   .          Harm     .    (no cloak)
rCorr   .          Rampage  .    (no gloves)
Will    .....                    e - +1 pair of boots Stlth
                                 (no amulet)
HPRegen 0.29/turn                h - +6 ring of strength
MPRegen 0.09/turn                (no ring)

@: confused, ambrosia-drunk, on berserk cooldown, slowed, very slow
A: horns 2, retaliatory headbutt
a: no special abilities


You were on level 4 of the Dungeon.
You visited 1 branch of the dungeon, and saw 4 of its levels.

You collected 194 gold pieces.

Inventory:

Hand Weapons
 a - a +0 war axe (weapon)
Missiles
 j - 7 poisoned darts (quivered)
 n - a throwing net
Armour
 b - a +0 scale mail (worn)
 c - a +0 buckler
 e - a +1 pair of boots (worn)
 t - a +0 kite shield (worn)
Jewellery
 g - a ring of magical power
 h - a +6 ring of strength (left hand)
Wands
 q - a wand of roots (8)
 u - a wand of digging (3)
Scrolls
 f - 2 scrolls of teleportation
 s - 3 scrolls of vulnerability
Potions
 d - 2 potions of might
 k - a potion of cancellation
 l - 2 potions of brilliance
 m - 3 potions of curing
 p - a potion of invisibility {unknown}
 r - a potion of heal wounds {unknown}
 v - a potion of degeneration {unknown}
 x - a potion of lignification {unknown}


   Skills:
 * Level 5.8 Fighting
 * Level 5.2 Axes
 + Level 5.0 Armour
 + Level 4.9 Shields
 + Level 1.2 Evocations


You had 5 spell levels left.
You didn't know any spells.
Your spell library contained the following spells:

 Spells                   Type           Power      Damage    Failure   Level
 Inner Flame              Hex/Fire       0%         N/A       100%        3
 Cause Fear               Hex            0%         N/A       100%        4
 Discord                  Hex            0%         N/A       100%        8


Dungeon Overview and Level Annotations

Branches:
Dungeon (4/15)
 Temple: D:4-7

Altars:
Qazlal

Annotations:
D:2 1 runed translucent door, Crazy Yiuf


Innate Abilities, Weirdness & Mutations

You have a pair of horns on your head.
You reflexively headbutt those who attack you in melee.


Message History

The steam dragon closely misses you.
The steam dragon claws you but does no damage.
You closely miss the steam dragon.
The steam dragon is severely wounded.
The gnoll sergeant hits you from afar with a +6 heavy spear.
The steam dragon bites you. You block the steam dragon's attack.
You barely miss the steam dragon. Your headbutt misses the steam dragon.
The steam dragon is severely wounded.
You are engulfed in a cloud of scalding steam.
You block the steam dragon's attack.
The steam dragon claws you but does no damage.
You slice the steam dragon!!
You kill the steam dragon!
The gnoll sergeant hits you from afar with a +6 heavy spear!
Your Axes skill increases to level 5!
Your Armour skill increases to level 5!
Your Evocations skill increases to level 1!
You feel a strong urge to attack something.
You are no longer berserk.
You are exhausted.
You feel yourself slow down. The gnoll sergeant barely misses you.
The gnoll sergeant blocks your attack.
Your headbutt misses the gnoll sergeant.
The gnoll sergeant hits you with a +6 heavy spear!
* * * LOW HITPOINT WARNING * * *
You barely miss the gnoll sergeant. You headbutt the gnoll sergeant.
The gnoll sergeant is lightly wounded.
The gnoll sergeant hits you with a +6 heavy spear.
* * * LOW HITPOINT WARNING * * *
You block the gnoll sergeant's attack.
You slash the gnoll sergeant!
The gnoll sergeant is heavily wounded.
You block the gnoll sergeant's attack.
You hit the gnoll sergeant.
The gnoll sergeant is severely wounded.
The gnoll sergeant hits you with a +6 heavy spear.
* * * LOW HITPOINT WARNING * * *
You are confused.
You feel invigorated.
The gnoll sergeant hits you with a +6 heavy spear!
You die...

.....#+#..#
.# ##.
##.##.#
#..#.#
##.#.# #.#.#
#...#
#########..#
#!....g.#..#
#!....@.†..#
#!......#..#
#########..#
...# ...#
#..## ...#
...#


You could see a gnoll sergeant.

Vanquished Creatures
  A steam dragon (D:4)
  A kobold brigand (D:4)
  Jessica (D:2)
  An iguana (D:4)
  An orc wizard (D:3)
  3 adders
  7 gnolls
  A white imp (D:4)
  A worm (D:4)
  2 dart slugs
  4 orcs
  6 bats
  6 endoplasms
  2 giant cockroaches
  3 hobgoblins
  A jackal (D:4)
  A quokka (D:1)
  10 ball pythons
  2 frilled lizards
  5 goblins
  6 kobolds
  3 rats
68 creatures vanquished.

Notes
Turn   | Place    | Note
-------+----------+-------------------------------------------
     0 | D:1      | bmack86 the Minotaur Fighter began the quest for the Orb.
     0 | D:1      | Reached XP level 1. HP: 19/19 MP: 0/0
   160 | D:1      | Reached XP level 2. HP: 27/27 MP: 1/1
   713 | D:2      | Reached XP level 3. HP: 33/33 MP: 2/2
   736 | D:2      | Noticed Jessica
   740 | D:2      | Killed Jessica
   874 | D:2      | Found a runed translucent door.
   875 | D:2      | Noticed Crazy Yiuf
   934 | D:2      | Reached XP level 4. HP: 36/41 MP: 3/3
  1521 | D:3      | Found a stormy altar of Qazlal.
  2102 | D:3      | Reached XP level 5. HP: 47/47 MP: 4/4
  2259 | D:3      | Reached skill level 5 in Fighting
  2637 | D:4      | Reached XP level 6. HP: 37/56 MP: 5/5
  2902 | D:4      | Noticed a steam dragon
  2911 | D:4      | Killed a steam dragon
  2912 | D:4      | Reached skill level 5 in Axes
  2912 | D:4      | Reached skill level 5 in Armour
  2912 | D:4      | Reached skill level 1 in Evocations
  2917 | D:4      | HP: 1/57 [gnoll sergeant/+6 heavy spear (5)]
  2918 | D:4      | Slain by a gnoll sergeant

Illustrated notes

Levels and vault maps discovered:
D:1:      dpeg_arrival_erosion, layout_loops_ring, minmay_octomino_c4
D:2:      layout_rooms, uniq_crazy_yiuf_cottage, uniq_jessica
D:3:      layout_basic, mainiacjoe_overflow_24_doors, kennysheep_boxes
D:4:      nicolae_cairo_tiling_large_dashed, layout_loops_cross,
          mainiacjoe_overflow_alcove_1, nemelex_dance_club_becter,
          minmay_divided_ellipse

Skill      XL: |  1  2  3  4  5  6 |
---------------+-------------------+-----
Fighting       | 4 5 |  5.8
Axes           | 3 4 5 |  5.2
Armour         | 4 5 |  5.0
Shields        | 4 |  4.9
Evocations     | 1 |  1.2

Action                   |  1- 3 |  4- 6 || total
-------------------------+-------+-------++-------
Melee: War axe           |    46 |    96 ||   142
       Headbutt          |     2 |    16 ||    18
  Use: Scroll            |       |    10 ||    10
       Potion            |       |     2 ||     2
Armor: Scale mail        |    25 |    44 ||    69
Dodge: Dodged            |    29 |    42 ||    71
Block: Buckler           |    10 |     8 ||    18
       Kite shield       |       |    39 ||    39

Table legend: (Time is in decaauts)
 A = Elapsed time spent in this place.
 B = Non-inter-level travel time spent in this place.
 C = Inter-level travel time spent in this place.
 D = Time resting spent in this place.
 E = Time spent auto-exploring this place.
 F = Levels seen in this place.
 G = Mean time per level.
                   A        B        C        D        E       F      G
               +--------+--------+--------+--------+--------+-----+--------+
         Total |   2976 |   2892 |     84 |     52 |   2089 |   4 |  744.0 |
       Dungeon |   2976 |   2892 |     84 |     52 |   2089 |   4 |  744.0 |
               +--------+--------+--------+--------+--------+-----+--------+

Top non-repeatable levels by time:
     D:3: 1173 daAuts
     D:1: 702 daAuts
     D:2: 686 daAuts
     D:4: 413 daAuts
